 Dungeon Crawl Stone Soup version 0.19-a0-526-gbe2e51c (webtiles) character file.

11 ololoev the Firebug (level 2, 4/15 HPs)
             Began as a Deep Elf Fire Elementalist on June 7, 2016.
             Quit the game on level 2 of the Dungeon.
             The game lasted 00:00:51 (168 turns).

ololoev the Firebug (Deep Elf Fire Elementalist)     Turns: 168, Time: 00:00:51

Health: 4/15       AC:  2    Str:  5    XL:     2   Next: 13%
Magic:  0/8        EV: 13    Int: 19    God:
Gold:   0          SH:  0    Dex: 15    Spells: 1 memorised, 6 levels left

rFire  . . .     SeeInvis .     (no weapon)
rCold  . . .     Gourm    .     a - +0 robe
rNeg   . . .     Faith    .     (no shield)
rPois  .         Spirit   .     (no helmet)
rElec  .         Dismiss  .     (no cloak)
rCorr  .         Reflect  .     (no gloves)
SustAt .         Harm     .     (no boots)
MR     .....                    (no amulet)
Stlth  ++........               (no ring)
                                (no ring)

@: very slightly contaminated, not resistant to hostile enchantments, unstealthy
A: no striking features
a: no special abilities

Inventory:

Armour
 a - a +0 robe (worn)
Potions
 d - 2 potions of mutation {unknown}
Books
 b - a book of Flames

   Spells                             Type                      Level
   a - Flame Tongue                   Conjuration/Fire             1
   b - Throw Flame                    Conjuration/Fire             2
   c - Conjure Flame                  Conjuration/Fire             3
   d - Inner Flame                    Hexes/Fire                   3
   e - Sticky Flame                   Conjuration/Fire             4
   f - Fireball                       Conjuration/Fire             5
Comestibles
 c - a bread ration


   Skills:
 - Level 2.4 Dodging
 - Level 2.4 Stealth
 + Level 3.2 Spellcasting
 * Level 2.0 Conjurations
 + Level 3.4 Fire Magic


You had 6 spell levels left.
You knew the following spells:

 Your Spells              Type           Power        Failure   Level  Hunger
a - Flame Tongue          Conj/Fire      ##...        6%          1    None


You were on level 2 of the Dungeon.
You were not hungry.

You visited 1 branch of the dungeon, and saw 2 of its levels.

### # #.# . #.# . #.# .
#.########## .
###.##.......###############.
#...........@@...............
###.##..###########.#####....
#.##...#.......#..# #.###
#.##.#..#.._..#...# #.#
#.##.....#...#....# ..#
#.##.#....#.#...... ...#
#.##.###...#..###.. ....#
#.##.###.....# #.......#
............# #.......#

Notes
Turn   | Place    | Note
--------------------------------------------------------------
     0 | D:1      | ololoev the Deep Elf Fire Elementalist began the quest for the Orb.
     0 | D:1      | Reached XP level 1. HP: 10/10 MP: 6/6
    77 | D:1      | Reached XP level 2. HP: 15/15 MP: 4/8
   102 | D:2      | Found an oddly glowing altar of Pakellas.
   141 | D:2      | Noticed Terence
   168 | D:2      | Quit the game

Dungeon Overview and Level Annotations

Branches:
Dungeon (2/15)

Altars:
Pakellas

Annotations:
D:2 Terence


Message History

You are very lightly contaminated with residual magic.
Sparks fly from your hands! The ball python bites you.
The ball python barely misses you.
You hit the ball python.
You kill the ball python!
Terence the Incautious comes into view.
He is wielding a mace of holy wrath.
Terence shouts!
You aren't carrying any items that you can evoke.
Unknown command.
Casting: Flame Tongue
Confirm with . or Enter, or press ? or * to list all spells.
You can't see any susceptible monsters within range! (Use Z to cast anyway.) Unknown command.
A goblin comes into view. It is wielding a dagger.
Casting: Flame Tongue
Confirm with . or Enter, or press ? or * to list all spells.
Aiming: Flame Tongue
Press: ? - help, Shift-Dir - straight line, f - Terence
Aim: Terence, wielding a mace of holy wrath and wearing a scale mail The flame tongue misses Terence.
Casting: Flame Tongue
Confirm with . or Enter, or press ? or * to list all spells.
Aiming: Flame Tongue
Press: ? - help, Shift-Dir - straight line, f/p - Terence
Aim: Terence, wielding a mace of holy wrath and wearing a scale mail The flame tongue hits Terence.
Terence appears unharmed.
Casting: Flame Tongue
Confirm with . or Enter, or press ? or * to list all spells.
Aiming: Flame Tongue
Press: ? - help, Shift-Dir - straight line, f/p - Terence
Aim: Terence, wielding a mace of holy wrath and wearing a scale mail The flame tongue hits Terence.
Terence is lightly wounded.
Casting: Flame Tongue
Confirm with . or Enter, or press ? or * to list all spells.
Aiming: Flame Tongue
Press: ? - help, Shift-Dir - straight line, f/p - Terence
Aim: Terence, wielding a mace of holy wrath and wearing a scale mail (lightly wounded)
The flame tongue hits Terence.
Terence is moderately wounded.
Terence barely misses you.
Casting: Flame Tongue
Confirm with . or Enter, or press ? or * to list all spells.
Aiming: Flame Tongue
Press: ? - help, Shift-Dir - straight line, f/p - Terence
Aim: Terence, wielding a mace of holy wrath and wearing a scale mail (moderately wounded)
You miscast Flame Tongue.
Nothing appears to happen.
Terence closely misses you.
Casting: Flame Tongue
Confirm with . or Enter, or press ? or * to list all spells.
Aiming: Flame Tongue
Press: ? - help, Shift-Dir - straight line, f/p - Terence
Aim: Terence, wielding a mace of holy wrath and wearing a scale mail (moderately wounded)
The flame tongue hits Terence.
Terence appears unharmed.
Terence is moderately wounded.
Terence hits you with a mace of holy wrath.
Casting: Flame Tongue
Confirm with . or Enter, or press ? or * to list all spells.
Aiming: Flame Tongue
Press: ? - help, Shift-Dir - straight line, f/p - Terence
Aim: Terence, wielding a mace of holy wrath and wearing a scale mail (moderately wounded)
You miscast Flame Tongue.
Nothing appears to happen.
Terence hits you with a mace of holy wrath.
Terence hits you with a mace of holy wrath.
Casting: Flame Tongue
Confirm with . or Enter, or press ? or * to list all spells.
Aiming: Flame Tongue
Press: ? - help, Shift-Dir - straight line, f/p - Terence
Aim: Terence, wielding a mace of holy wrath and wearing a scale mail (moderately wounded)
The flame tongue hits Terence.
Terence appears unharmed.
Terence is moderately wounded.
Casting: Flame Tongue
Confirm with . or Enter, or press ? or * to list all spells.
Aiming: Flame Tongue
Press: ? - help, Shift-Dir - straight line, f/p - Terence
Aim: Terence, wielding a mace of holy wrath and wearing a scale mail (moderately wounded)
The flame tongue hits Terence.
Terence is moderately wounded.
Terence misses you.
Are you sure you want to abandon this character and quit the game? (Confirm with "yes".)

You could see Terence.

Vanquished Creatures
  A gnoll (D:1)
  A ball python (D:2)
2 creatures vanquished.

Action                   || total
-------------------------++-------
Melee: Unarmed           ||     1
 Cast: Flame Tongue      ||    11
Dodge: Dodged            ||     7

Vault maps used:
D:1:      wheals_arrival_linesprint, minivault_25, nemelex_diamond_rough_becter
D:2:      old_standard_altar, lemuel_coloured_pillars_altar, hex_intersection,
          grunt_pakellas_basics, uniq_terence
